 Dungeon Crawl Stone Soup version 0.29-a0-25-g7f48f510a0 (webtiles) character file.

Game seed: 17934243544080225555

90 Harvester the Cutter (level 4, -3/23 HPs)
             Began as a Vine Stalker Fighter on Jan 31, 2022.
             Slain by Ijyb (7 damage)
             ... on level 4 of the Dungeon.
             The game lasted 00:01:05 (1159 turns).

Harvester the Cutter (Vine Stalker Fighter)         Turns: 1159, Time: 00:01:05

Health: -3/23      AC:  0    Str: 19    XL:     4   Next: 56%
Magic:  0/5        EV: 13    Int:  8    God:
Gold:   67         SH:  0    Dex: 15    Spells: 3/3 levels left

rFire   . . .      SeeInvis .   (weapon currently unavailable)
rCold   . . .      Faith    .   (shield currently unavailable)
rNeg    . . .      Spirit   +   (armour currently unavailable)
rPois   .          Reflect  .   (helmet currently unavailable)
rElec   .          Harm     .   (cloak currently unavailable)
rCorr   .          Rampage  .   (gloves currently unavailable)
Will    .....                   (boots currently unavailable)
Stlth   +.........              (no amulet)
HPRegen 0.87/turn               (ring currently unavailable)
MPRegen 0.09/turn               (ring currently unavailable)

@: pig-form, very quick
A: fast, no casting, small, (fangs 2), regeneration 1, magic shield, (antimagic
bite), no potion heal 2
a: no special abilities


You were on level 4 of the Dungeon.
You were a filthy swine.
You visited 1 branch of the dungeon, and saw 3 of its levels.

You collected 67 gold pieces.

Inventory:

Hand Weapons
 a - a +0 rapier (melded)
Armour
 b - a +0 scale mail
 c - a +0 buckler (melded)
 h - a +1 chain mail of cold resistance (melded)
Scrolls
 f - a scroll of amnesia {unknown}
 g - a scroll of noise {unknown}
 i - 2 scrolls of identify {unknown}
Potions
 d - 4 potions of might
 e - 4 potions of curing {unknown}


   Skills:
 - Level 2.6 Fighting
 + Level 4.2 Short Blades
 - Level 2.4 Armour
 - Level 2.6 Shields


You had 3 spell levels left.
You didn't know any spells.
Your spell library was empty.

Dungeon Overview and Level Annotations

Branches:
Dungeon (2/15)

Altars:

Annotations:
D:4 Ijyb


Innate Abilities, Weirdness & Mutations

You are a filthy swine.
You move quickly.
Your equipment is almost entirely melded.
You are incapable of wielding weapons or throwing items.
You cannot cast spells.
((You have extremely sharp teeth.))
Your natural rate of healing is unusually fast.
When hurt, damage is shared between your health and your magic reserves.
((Your bite disrupts and absorbs the magic of your enemies.))
Potions cannot restore your health.


Message History

You hit Ijyb. Your bite misses Ijyb.
Ijyb is severely wounded.
Ijyb zaps a wand.
You turn into a filthy swine.
Your +0 rapier melds into your body.
Your +0 buckler melds into your body.
Your +1 chain mail of cold resistance melds into your body.
You feel less resistant to cold.
You hit Ijyb but do no damage.
Ijyb is severely wounded.
Ijyb hits you with a +0 club.
You hit Ijyb but do no damage.
Ijyb is severely wounded.
Ijyb hits you with a +0 club.
You hit Ijyb.
Ijyb is almost dead.
Ijyb hits you with a +0 club.
You are too injured to fight recklessly!
You are too injured to fight recklessly!
You are too injured to fight recklessly!
You are too injured to fight recklessly!
You are too injured to fight recklessly!
You are too injured to fight recklessly!
You are too injured to fight recklessly!
You are too injured to fight recklessly!
You are too injured to fight recklessly!
You are too injured to fight recklessly!
You barely miss Ijyb.
Ijyb is almost dead.
Ijyb hits you with a +0 club.
You hit Ijyb but do no damage.
Ijyb is almost dead.
Ijyb hits you with a +0 club.
* * * LOW HITPOINT WARNING * * *
You barely miss Ijyb.
Ijyb is almost dead.
Ijyb hits you with a +0 club.
* * * LOW HITPOINT WARNING * * *
You closely miss Ijyb.
Ijyb is almost dead.
Ijyb hits you with a +0 club!
You die...

.. ... .. ... .# ## .
#.##.######.##..
#.#...........##.#
............##.# #. .(..
..... #.###
#...##.####.####.#.+ #
#....gh............###.
#......#†.............#
........+..............#
######.##...............
.. #......#.......# ..⌠
#............... .#..
#......#.......# .####
#......##......#
#...............


You could see Ijyb.

Vanquished Creatures
  2 orc wizards (D:4)
  A dart slug (D:1)
  2 orcs (D:4)
  6 endoplasms
  2 giant cockroaches (D:1)
  4 hobgoblins (D:1)
  3 jackals (D:4)
  A kobold (D:1)
  3 quokkas
  5 ball pythons
  2 bats (D:1)
  A rat (D:1)
32 creatures vanquished.

Notes
Turn   | Place    | Note
-------+----------+-------------------------------------------
     0 | D:1      | Harvester the Vine Stalker Fighter began the quest for the
                  | Orb.
     0 | D:1      | Reached XP level 1. HP: 11/11 MP: 2/2
    49 | D:1      | Reached skill level 2 in Short Blades
   175 | D:1      | Reached XP level 2. HP: 16/16 MP: 3/3
   215 | D:1      | Found a faded altar of an unknown god.
   519 | D:1      | Reached skill level 3 in Short Blades
   643 | D:1      | Reached XP level 3. HP: 19/19 MP: 4/4
   976 | D:2      | You fall into a shaft and drop 2 floors!
  1015 | D:4      | Gained mutation: Your natural rate of healing is unusually
                  | fast. [Vine Stalker growth]
  1015 | D:4      | Reached XP level 4. HP: 22/23 MP: 5/5
  1033 | D:4      | Reached skill level 4 in Short Blades
  1143 | D:4      | Noticed Ijyb
  1159 | D:4      | Slain by Ijyb

Illustrated notes

Levels and vault maps discovered:
D:1:      wheals_arrival_shading, layout_loops_ring,
          nicolae_ecumenical_lake_church, serial_forest,
          infiniplex_forest_straight_1, infiniplex_forest_zigzag_2,
          infiniplex_forest_lined_room_2, infiniplex_forest_corner_1,
          infiniplex_forest_lined_4_way, infiniplex_forest_zigzag_1,
          infiniplex_forest_straight_2, infiniplex_forest_end_3, moated_statue
D:2:      layout_basic, uniq_sigmund
D:4:      layout_basic, mainiacjoe_overflow_cross_hatched,
          nicolae_overflow_hidden_temple, nemelex_xobeh_ov_fountains_minmay,
          minmay_temple_entry_nine_rooms, serial_shops, kennysheep_mini,
          minmay_shop_damaged, uniq_ijyb

Skill      XL: |  1  2  3  4 |
---------------+-------------+-----
Short Blades   | 2 3 4 |  4.2
Fighting       | |  2.6
Armour         | |  2.4
Shields        | |  2.6

Action                   |  1- 3 |  4- 6 || total
-------------------------+-------+-------++-------
Melee: Rapier            |    57 |    33 ||    90
       Bite              |    15 |     2 ||    17
       Unarmed           |       |     7 ||     7
Armor: Scale mail        |    19 |       ||    19
       Chain mail        |     3 |    16 ||    19
Dodge: Dodged            |    19 |     4 ||    23
Block: Buckler           |    13 |     5 ||    18

Table legend: (Time is in decaauts)
 A = Elapsed time spent in this place.
 B = Non-inter-level travel time spent in this place.
 C = Inter-level travel time spent in this place.
 D = Time resting spent in this place.
 E = Time spent auto-exploring this place.
 F = Levels seen in this place.
 G = Mean time per level.
                   A        B        C        D        E       F      G
               +--------+--------+--------+--------+--------+-----+--------+
         Total |   1165 |   1140 |     25 |      0 |    937 |   3 |  388.3 |
       Dungeon |   1165 |   1140 |     25 |      0 |    937 |   3 |  388.3 |
               +--------+--------+--------+--------+--------+-----+--------+

Top non-repeatable levels by time:
     D:1: 936 daAuts
     D:4: 184 daAuts
     D:2: 45 daAuts
